 Dungeon Crawl Stone Soup version 0.20.1-1-g8b1a95d (webtiles) character file.

86328 gobwax the Minotaur Blade (level 15, -11/137 HPs)
             Began as a Minotaur Fighter on Aug 14, 2017.
             Was the Champion of Okawaru.
             Killed from afar by a thorn hunter (31 damage)
             ... with a volley of thorns
             ... on level 2 of the Swamp.
             The game lasted 01:10:54 (21116 turns).

gobwax the Minotaur Blade (Minotaur Fighter)       Turns: 21116, Time: 01:10:55

Health: -11/137    AC: 17    Str: 46    XL:     15   Next: 40%
Magic:  28/28      EV: 10    Int:  1    God:    Okawaru [******]
Gold:   1073       SH:  0    Dex: 13    Spells: 14/14 levels left

rFire    x . .     SeeInvis .   l - +6 triple sword of Koamuroh {venom, *Corrode MP+9 Str+9 Int-4}
rCold    + . .     Gourm    .   (shield currently unavailable)
rNeg     + . .     Faith    .   u - +4 scale mail "Uligouw" {rN+}
rPois    +         Spirit   .   (helmet unavailable)
rElec    .         Reflect  .   L - +1 cloak "Wiem" {*Corrode +Fly Slay+2 Stlth+}
rCorr    .         Harm     .   M - +2 pair of gloves {Str+3}
MR       ++...                  (no boots)
Stlth    +.........             n - amulet "Ichiedd" {+Rage rPois MR+ Str+4}
Regen    0.4/turn               Z - +4 ring of dexterity
MPRegen  0.3/turn               b - ring of ice

@: corroded, studying Charms
A: retaliatory headbutt, horns 3, thin metallic scales 1, strong 1
a: Heroism, Finesse, Renounce Religion, Evoke Berserk Rage, Evoke Flight


You were on level 2 of the Swamp.
You worshipped Okawaru.
Okawaru was exalted by your worship.
You were near starving.

You visited 4 branches of the dungeon, and saw 20 of its levels.
You also visited: Sewer and Ice Cave.

You collected 1446 gold pieces.
You spent 373 gold pieces at shops.

Inventory:

Hand Weapons
 j - the +9 triple sword of Skirmishing {slice, SInv}
   (Okawaru gifted it to you on level 6 of the Lair of Beasts)

   It inflicts extra damage upon your enemies.
   It lets you see invisible.
 l - the +6 triple sword of Koamuroh (weapon) {venom, *Corrode MP+9 Str+9 Int-4}
   (Okawaru gifted it to you on level 2 of the Lair of Beasts)

   It poisons the flesh of those it strikes.
   It affects your strength (+9).
   It affects your intelligence (-4).
   It affects your magic capacity (+9).
   It may corrode you when you take damage.
 A - a +2 great sword of holy wrath
 U - a +4 scimitar of flaming
Armour
 u - the +4 scale mail "Uligouw" (worn) {rN+}
   (You found it in an ice cave)

   It protects you from negative energy.
 y - +0 swamp dragon scales
 L - the +1 cloak "Wiem" (worn) {*Corrode +Fly Slay+2 Stlth+}
   (Okawaru gifted it to you on level 11 of the Dungeon)

   It affects your accuracy and damage with ranged weapons and melee attacks
   (+2).
   It lets you fly.
   It may corrode you when you take damage.
   It makes you more stealthy.
 M - a +2 pair of gloves of strength (worn)
Jewellery
 b - a ring of ice (right hand)
 n - the amulet "Ichiedd" (around neck) {+Rage rPois MR+ Str+4}
   (You took it off a frost giant in an ice cave)

   [amulet of rage]

   It affects your strength (+4).
   It protects you from poison.
   It affects your resistance to hostile enchantments.
   It lets you go berserk.
 F - an uncursed amulet of regeneration
 I - an uncursed ring of ice
 O - a +4 ring of intelligence
 T - an uncursed ring of fire
 Z - a +4 ring of dexterity (left hand)
Wands
 g - a wand of lightning (5/15)
 q - a wand of iceblast (3/15)
 x - a wand of acid (8/15)
 R - a wand of disintegration (11/24)
 S - a wand of digging (12/24)
 X - a wand of iceblast (15/15)
Scrolls
 a - 2 scrolls of amnesia
 c - 2 scrolls of silence
 e - 6 scrolls of remove curse
 h - 2 scrolls of immolation
 o - 4 scrolls of teleportation
 p - 4 scrolls of enchant weapon
 s - a scroll of holy word
 t - 2 scrolls of enchant armour
 w - 10 scrolls of identify
 W - 2 scrolls of fog
Potions
 d - 3 potions of might
 r - 8 potions of curing
 v - 4 potions of berserk rage
 z - a potion of cancellation
 B - 4 potions of heal wounds
 D - a potion of ambrosia
 H - 3 potions of brilliance
 N - 3 potions of flight
 Q - 2 potions of lignification
Books
 m - a manual of Charms
 G - a book of Battle

   Spells                             Type                      Level
   a - Infusion                       Charms                       1
   b - Shroud of Golubria             Charms/Translocation         2
   c - Song of Slaying                Charms                       2
   d - Spectral Weapon                Hexes/Charms                 3
   e - Regeneration                   Charms/Necromancy            3
Miscellaneous
 E - a phial of floods
Comestibles
 f - 8 bread rations
 i - 3 royal jellies
 k - 13 meat rations
 C - 23 fruits


   Skills:
 + Level 13.7 Fighting
 + Level 22.7 Long Blades
 + Level 13.4 Armour
   Level 3.6 Shields
 + Level 3.8 Invocations
 + Level 6.8 Evocations


You had 14 spell levels left.
You didn't know any spells.

Dungeon Overview and Level Annotations

Branches:
Dungeon (11/15)            Temple (1/1) D:7            Lair (6/6) D:11
  Swamp (2/4) Lair:2       Spider (0/4) Lair:4        Slime (0/5) Lair:6
    Orc: D:9-12

Altars:
Ashenzari
Cheibriados
Dithmenos
Elyvilon
Fedhas
Gozag
Hepliaklqana
Kikubaaqudgha
Makhleb
Nemelex Xobeh
Okawaru
Qazlal
Ru
Sif Muna
Trog
Uskayaw
Vehumet
Xom
Yredelemnul
Zin
The Shining One

Shops:
D:4 [   D:7 *!%!   D:9 !}   D:11 (!((*


Innate Abilities, Weirdness & Mutations

You reflexively headbutt those who attack you in melee.
You have a pair of large horns on your head.
You are partially covered in thin metallic scales. (AC +2)
Your muscles are strong. (Str +2)


Message History

You are near starving!
You start resting.
You feel like a meek peon again.
A thorn hunter comes into view.
Thorny briars emerge from the ground!
You hit the briar patch but do no damage.
The thorn hunter fires a volley of thorns at you.
The volley of thorns hits you!
The thorn hunter fires a volley of thorns at you.
The volley of thorns hits you!
* * * LOW HITPOINT WARNING * * *
You see here a curare-tipped needle.
The thorn hunter fires a volley of thorns at you.
The volley of thorns hits you!
* * * LOW HITPOINT WARNING * * *
The thorn hunter fires a volley of thorns at you.
The volley of thorns misses you.
The thorn hunter fires a volley of thorns at you.
The volley of thorns hits you!
You die...

..≈♣ ...≈..♣♣≈≈≈.≈♣.§≈≈≈.♣
≈≈≈≈.........♣♣......≈≈≈≈..♣♣
≈≈≈....#.#....♣≈≈♣≈......>..≈
≈..#..#..#.#..♣♣♣♣♣♣♣♣♣..≈≈.
......#.##.....♣ ♣♣≈♣♣♣.≈..
#....PP††....♣ ♣≈..♣♣♣≈..
..##...fPP(###(.♣ ♣♣..♣♣≈...
.......PPP.###).♣♣♣♣≈..≈..♣≈≈
≈......PPP(.@.....♣♣♣≈♣♣♣♣♣♣.
≈.###..≈.≈...†..≈..♣.≈.♣ ♣♣
...........#.#..≈.≈.≈♣♣ ♣
..#.#...≈≈≈...#.≈.§.≈.♣
.......≈§..#.....♣..≈♣
≈....≈≈............♣.♣♣
..≈..≈...≈....§≈≈.≈♣♣♣
........≈≈≈....♣..≈♣
.....≈.......♣♣.≈.♣


You could see a thorn hunter.

Vanquished Creatures
  Rupert (Lair:4)
  A thorn hunter (Swamp:2)
  A frost giant (IceCv)
  The ghost of Savaroth the Warrior, a journeyman MiBe of Trog (Lair:4)
  A very ugly thing (Swamp:2)
  The ghost of Baril the Geomancer, a journeyman GrEE of Vehumet (Lair:6)
  A dire elephant (Lair:6)
  Harold (Lair:1)
  Erolcha (D:10)
  9 hydras
  Fannar (D:10)
  A catoblepas (Lair:2)
  A merfolk avatar (Lair:6)
  4 two-headed ogres
  8 death yaks
  Nergalle (D:10)
  3 unseen horrors
  2 swamp dragons
  2 sea snakes (Lair:6)
  A shambling mangrove (Swamp:2)
  The ghost of Mesmaeker13 the Covert, a novice SpAs of Hepliaklqana (D:9)
  Pikel (D:5)
  2 lindwurms
  A harpy (Lair:6)
  10 ugly things
  3 manticores (D:11)
  10 elephants
  2 black mambas
  2 centaur zombies
  An ice statue (IceCv)
  19 spiny frogs
  5 rime drakes
  5 komodo dragons (Lair:6)
  A tengu conjurer (D:11)
  3 jumping spiders (Lair:4)
  2 trolls (D:11)
  A tyrant leech (Swamp:2)
  5 hornets
  21 polar bears
  6 hippogriffs
  Grinder (D:6)
  2 slime creatures (D:11)
  Prince Ribbit (D:7)
  13 blink frogs
  2 bog bodies (Swamp:2)
  A spriggan (Swamp:2)
  3 shadows
  3 redbacks (Lair:4)
  47 yaks
  2 wraiths (D:11)
  2 basilisks
  5 wyverns
  A hungry ghost (D:7)
  A swamp worm (Swamp:2)
  6 vampire mosquitoes
  5 insubstantial wisps (Swamp:1)
  Duvessa (D:7)
  7 porcupines
  12 water moccasins
  4 orc warriors
  3 swamp drakes
  4 sky beasts
  A slave (D:5)
  2 phantoms
  A necrophage (D:7)
  A black bear (D:11)
  An eye of draining (D:11)
  31 wolves
  7 ogres
  8 centaurs
  27 crocodiles
  2 big kobolds
  18 bullfrogs
  Dowan (D:7)
  4 scorpions
  5 killer bees (D:11)
  8 wights
  An electric eel (Lair:3)
  4 crimson imps
  A quasit (D:11)
  A bullfrog zombie (D:11)
  A centaur skeleton (D:6)
  8 hounds
  3 orc priests
  A bullfrog skeleton (D:5)
  6 jellies
  9 orc wizards
  11 iguanas
  6 hell rats (Lair:3)
  3 worker ants
  A worker ant zombie (D:8)
  7 gnolls
  17 adders
  A river rat (Lair:6)
  4 oozes (Lair:6)
  An adder skeleton (D:6)
  6 worms
  3 dart slugs
  15 leopard geckos
  41 orcs
  2 giant cockroaches (D:2)
  6 goblins
  7 hobgoblins
  4 jackals (D:5)
  6 quokkas
  2 ball pythons
  11 bats
  12 frilled lizards
  18 kobolds
  6 rats
  2 plants (Lair:4)
613 creatures vanquished.

Vanquished Creatures (collateral kills)
  A hydra (Lair:2)
1 creature vanquished.

Vanquished Creatures (others)
  A yak (IceCv)
  2 slaves (D:5)
  6 wolves (IceCv)
  An orc wizard (D:5)
  A leopard gecko (D:5)
  A frilled lizard (D:5)
  2 briar patches (Swamp:2)
  5 fungi
  7 plants
26 creatures vanquished.

Grand Total: 640 creatures vanquished

Notes
Turn   | Place    | Note
-------+----------+-------------------------------------------
     0 | D:1      | gobwax the Minotaur Fighter began the quest for the Orb.
     0 | D:1      | Reached XP level 1. HP: 19/19 MP: 0/0
    97 | D:1      | Reached skill level 3 in Long Blades
   137 | D:1      | Reached XP level 2. HP: 22/26 MP: 1/1
   449 | D:2      | Reached skill level 4 in Long Blades
   519 | D:2      | Reached XP level 3. HP: 31/31 MP: 2/2
   721 | D:2      | Reached skill level 5 in Long Blades
  1007 | D:3      | Reached XP level 4. HP: 39/39 MP: 3/3
  1362 | D:3      | Reached skill level 6 in Long Blades
  1437 | D:4      | Reached XP level 5. HP: 43/45 MP: 4/4
  1461 | D:4      | Reached skill level 7 in Long Blades
  1772 | D:4      | Found Dozukh's Armour Shop.
  1824 | D:4      | Reached XP level 6. HP: 40/51 MP: 5/5
  1852 | D:4      | Reached skill level 8 in Long Blades
  2126 | D:4      | Reached skill level 9 in Long Blades
  2230 | D:4      | Reached XP level 7. HP: 57/57 MP: 6/6
  2500 | D:5      | Entered Level 5 of the Dungeon
  2535 | D:5      | Noticed Pikel
  2548 | D:5      | Killed Pikel
  2548 | D:5      | Reached skill level 11 in Long Blades
  2548 | D:5      | Reached XP level 8. HP: 44/64 MP: 7/7
  2810 | D:5      | Found a glowing drain.
  2823 | Sewer    | Entered a sewer
  3050 | D:4      | Bought a +1 pair of gloves of strength for 181 gold pieces
  3129 | D:5      | Reached skill level 12 in Long Blades
  3890 | D:6      | Noticed Grinder
  3906 | D:6      | Killed Grinder
  3906 | D:6      | Reached skill level 13 in Long Blades
  4150 | D:7      | Reached XP level 9. HP: 64/70 MP: 8/8
  4164 | D:7      | Found Cutiyrorch's Distillery.
  4172 | D:7      | Bought a potion of heal wounds for 60 gold pieces
  4172 | D:7      | Bought a potion of curing for 36 gold pieces
  4172 | D:7      | Bought a potion of mutation for 96 gold pieces
  4172 | D:7      | Gained mutation: Scrolls take you a little longer to read. [potion of mutation]
  4172 | D:7      | Gained mutation: You are robust. (+10% HP) [potion of mutation]
  4173 | D:7      | Lost mutation: Scrolls take you a little longer to read. [potion of mutation]
  4173 | D:7      | Lost mutation: You are robust. (+10% HP) [potion of mutation]
  4173 | D:7      | Gained mutation: You are agile. (Dex +2) [potion of mutation]
  4173 | D:7      | Gained mutation: Scrolls take you a little longer to read. [potion of mutation]
  4173 | D:7      | Gained mutation: Your mind is acute. (Int +2) [potion of mutation]
  4174 | D:7      | Lost mutation: You are agile. (Dex +2) [potion of mutation]
  4174 | D:7      | Lost mutation: Scrolls take you a little longer to read. [potion of mutation]
  4174 | D:7      | Lost mutation: Your mind is acute. (Int +2) [potion of mutation]
  4174 | D:7      | Gained mutation: Your muscles are strong. (Str +2) [potion of mutation]
  4174 | D:7      | Gained mutation: You are partially covered in thin metallic scales. (AC +2) [potion of mutation]
  4189 | D:7      | Found Nokkif's General Store.
  4279 | D:7      | Noticed Prince Ribbit
  4314 | D:7      | Killed Prince Ribbit
  4314 | D:7      | Reached skill level 14 in Long Blades
  4364 | D:7      | Noticed Duvessa
  4364 | D:7      | Noticed Dowan
  4387 | D:7      | Killed Duvessa
  4390 | D:7      | Killed Dowan
  4471 | D:7      | Found Oxikliuk's Food Shop.
  4501 | D:7      | Found a staircase to the Ecumenical Temple.
  4547 | D:7      | Reached skill level 1 in Evocations
  4593 | Temple   | Entered the Ecumenical Temple
  4698 | Temple   | Became a worshipper of Warmaster Okawaru
  5021 | D:7      | Found Coiciyg's Distillery.
  5139 | D:7      | Reached skill level 15 in Long Blades
  5503 | D:8      | Noticed a two-headed ogre
  5511 | D:8      | Killed a two-headed ogre
  5511 | D:8      | Reached * piety under Okawaru
  5516 | D:8      | Reached skill level 16 in Long Blades
  5571 | D:8      | Reached XP level 10. HP: 77/77 MP: 9/9
  5922 | D:8      | Noticed a two-headed ogre
  5931 | D:8      | Killed a two-headed ogre
  5931 | D:8      | Reached ** piety under Okawaru
  6231 | D:9      | Found Nuvoon's Distillery.
  6357 | D:9      | Found Tuasig's Gadget Boutique.
  6484 | D:9      | Reached skill level 17 in Long Blades
  7227 | D:9      | Noticed Mesmaeker13's ghost (novice SpAs)
  7259 | D:9      | Killed Mesmaeker13's ghost
  7259 | D:9      | Reached *** piety under Okawaru
  7523 | D:10     | Entered Level 10 of the Dungeon
  7566 | D:10     | Noticed a two-headed ogre
  7574 | D:10     | Killed a two-headed ogre
  7574 | D:10     | Reached skill level 18 in Long Blades
  7586 | D:10     | Reached XP level 11. HP: 36/82 MP: 10/12
  7834 | D:10     | Noticed Erolcha
  7846 | D:10     | Killed Erolcha
  7887 | D:10     | Killed an unseen horror
  7887 | D:10     | Reached skill level 5 in Armour
  8128 | D:10     | Noticed Fannar
  8157 | D:10     | Killed Fannar
  8157 | D:10     | Reached **** piety under Okawaru
  8359 | D:10     | Noticed a purple ugly thing
  8369 | D:10     | Killed a purple ugly thing
  8373 | D:10     | Gained mutation: You have a pair of large horns on your head. [mutagenic meat]
  8437 | D:10     | Noticed Nergalle
  8450 | D:10     | Killed Nergalle
  8450 | D:10     | Reached skill level 5 in Fighting
  8699 | D:11     | Found Deika Ase's Assorted Antiques.
  8720 | D:11     | Found Faidwa's Weapon Shop.
  8763 | D:11     | Reached ***** piety under Okawaru
  8852 | D:11     | Found Zool's Distillery.
  8857 | D:11     | Found Saf Lerch's Antique Weapon Shop.
  8875 | D:11     | Killed an unseen horror
  8875 | D:11     | Reached skill level 19 in Long Blades
  8892 | D:11     | Found a staircase to the Lair.
  9090 | D:11     | Noticed a purple ugly thing
  9100 | D:11     | Killed an unseen horror
  9108 | D:11     | Killed a purple ugly thing
  9112 | D:11     | Noticed a four-headed hydra
  9123 | D:11     | Noticed a two-headed ogre
  9123 | D:11     | Noticed a brown ugly thing
  9473 | D:11     | Reached XP level 12. HP: 92/96 MP: 14/14
  9519 | D:11     | Found Zucapten's Weapon Shoppe.
  9629 | D:11     | Killed a four-headed hydra
  9629 | D:11     | Received a gift from Okawaru
  9639 | D:11     | Killed a two-headed ogre
  9647 | D:11     | Got a translucent cloak {god gift}
  9873 | D:10     | Identified the +1 cloak "Wiem" {*Corrode +Fly Slay+2 Stlth+} (Okawaru gifted it to you on level 11 of the Dungeon)
  9884 | D:11     | Reached skill level 5 in Evocations
  9985 | D:11     | Found a glowing golden altar of the Shining One.
  9985 | D:11     | Found a hazy altar of Hepliaklqana.
  9990 | D:11     | Found a hazy altar of Hepliaklqana.
  9990 | D:11     | Found a white marble altar of Elyvilon.
 10346 | D:11     | Identified the Guide on Ashen Calling
 10643 | Lair:1   | Entered Level 1 of the Lair of Beasts
 10681 | Lair:1   | Reached skill level 1 in Invocations
 10727 | Lair:1   | Noticed Harold
 10745 | Lair:1   | Killed Harold
 10748 | Lair:1   | Reached skill level 20 in Long Blades
 11507 | Lair:2   | Noticed a catoblepas
 11515 | Lair:2   | Killed a catoblepas
 11744 | Lair:2   | Found a staircase to the Swamp.
 11818 | Lair:2   | Received a gift from Okawaru
 11822 | Lair:2   | Got a dazzling triple sword {god gift}
 11823 | Lair:2   | Identified the +6 triple sword of Koamuroh {venom, *Corrode MP+9 Str+9 Int-4} (Okawaru gifted it to you on level 2 of the Lair of Beasts)
 11908 | Lair:2   | Got a bloodstained robe
 11942 | Lair:2   | Noticed an eight-headed hydra
 11947 | Lair:2   | Killed a six-headed hydra
 11947 | Lair:2   | Reached skill level 10 in Armour
 12380 | Lair:3   | Reached XP level 13. HP: 105/108 MP: 16/16
 12407 | Lair:3   | Identified the +1 robe of Werodgha {Stlth+} (You found it on level 2 of the Lair of Beasts)
 13834 | Lair:4   | Reached ****** piety under Okawaru
 13910 | Lair:4   | Received a gift from Okawaru
 13914 | Lair:4   | Noticed Savaroth's ghost (journeyman MiBe)
 13945 | Lair:4   | Found a frozen archway.
 13954 | IceCv    | Entered an ice cave
 14243 | IceCv    | Got a transparent scale mail
 14254 | IceCv    | Identified the +4 scale mail "Uligouw" {rN+} (You found it in an ice cave)
 14558 | IceCv    | Got a crude bardiche
 14559 | IceCv    | Identified the +6 bardiche of Forgiveness {freeze, rElec rPois rN+ Int-2} (You found it in an ice cave)
 14580 | IceCv    | Reached skill level 10 in Fighting
 15223 | IceCv    | Noticed a frost giant
 15243 | IceCv    | HP: 7/171 [frost giant/battleaxe of freezing (3)]
 15995 | IceCv    | Killed a frost giant
 16013 | IceCv    | Got a fine tin amulet
 16016 | IceCv    | Identified the amulet "Ichiedd" {+Rage rPois MR+ Str+4} (You took it off a frost giant in an ice cave)
 16271 | Lair:4   | Killed Savaroth's ghost
 16341 | Lair:4   | Reached XP level 14. HP: 86/124 MP: 17/17
 16369 | Lair:4   | Noticed Rupert
 16382 | Lair:4   | Killed Rupert
 16382 | Lair:4   | Reached skill level 21 in Long Blades
 16809 | Lair:4   | Found a hole to the Spider Nest.
 17307 | Lair:5   | Received a gift from Okawaru
 18322 | Lair:5   | Got a faintly glowing chain mail
 18333 | Lair:5   | Identified the cursed +0 chain mail of Ennui {+Fly rN++ Str-3 Slay-5} (You found it on level 5 of the Lair of Beasts)
 18473 | Lair:6   | Entered Level 6 of the Lair of Beasts
 18551 | Lair:6   | Noticed Baril's ghost (journeyman GrEE)
 18563 | Lair:6   | Killed Baril's ghost
 18713 | Lair:6   | Received a gift from Okawaru
 18714 | Lair:6   | Got a fine triple sword {god gift}
 18716 | Lair:6   | Identified the +9 triple sword of Skirmishing {slice, SInv} (Okawaru gifted it to you on level 6 of the Lair of Beasts)
 19253 | Lair:6   | Reached skill level 22 in Long Blades
 19542 | Lair:6   | Found a staircase to the Slime Pits.
 19745 | Lair:6   | Reached XP level 15. HP: 130/135 MP: 19/19
 20020 | Swamp:1  | Entered Level 1 of the Swamp
 20025 | Swamp:1  | Received a gift from Okawaru
 20854 | Swamp:2  | Noticed a thorn hunter
 20870 | Swamp:2  | Killed a thorn hunter
 21111 | Swamp:2  | Noticed a thorn hunter
 21116 | Swamp:2  | Killed from afar by a thorn hunter

Skill      XL: |  1  2  3  4  5  6  7  8  9 10 11 12 13 14 |
---------------+-------------------------------------------+-----
Long Blades    | 3 4 5 6 7 9 11 13 16 18 19 20 22 | 22.7
Evocations     | 1 2 4 5 6 |  6.8
Fighting       | 6 8 11 13 | 13.7
Armour         | 7 10 12 13 | 13.4
Invocations    | 2 3 |  3.8
Shields        | |  3.6

Action                   |  1- 3 |  4- 6 |  7- 9 | 10-12 | 13-15 || total
-------------------------+-------+-------+-------+-------+-------++-------
Melee: Long sword        |    98 |   162 |    18 |       |       ||   278
       Headbutt          |    15 |    25 |    52 |   109 |   187 ||   388
       Falchion          |       |       |   233 |    36 |       ||   269
       Scimitar          |       |       |       |   252 |   363 ||   615
       Great sword       |       |       |       |   194 |    38 ||   232
       Dagger            |       |       |       |     8 |       ||     8
       Punch             |       |       |       |     2 |     1 ||     3
       Triple sword      |       |       |       |       |   215 ||   215
Invok: Heroism           |       |       |       |     6 |    11 ||    17
       Finesse           |       |       |       |     1 |     4 ||     5
 Abil: Evoke Berserk Rag |       |       |     4 |    11 |    13 ||    28
       Evoke Flight      |       |       |       |       |     4 ||     4
Evoke: Phial of floods   |       |       |       |     1 |       ||     1
  Use: Scroll            |       |     3 |     2 |    28 |    10 ||    43
       Potion            |       |       |     3 |     2 |     1 ||     6
  Eat: Chunk             |       |     5 |    13 |    30 |    33 ||    81
       Meat ration       |       |       |     1 |       |       ||     1
       Royal jelly       |       |       |       |     1 |     1 ||     2
       Fruit             |       |       |       |     1 |     5 ||     6
Armor: Scale mail        |    40 |    65 |    65 |    56 |   278 ||   504
       Plate armour      |       |       |       |   210 |       ||   210
       Chain mail        |       |       |       |    42 |   102 ||   144
Dodge: Dodged            |    24 |    43 |    45 |   150 |   300 ||   562
Block: Shield            |    46 |    73 |    93 |    86 |       ||   298
       Rpst.: Long sword |     5 |    20 |       |       |       ||    25
       Falchion          |       |       |    13 |     1 |       ||    14
       Scimitar          |       |       |       |    15 |    37 ||    52
       Great sword       |       |       |       |    19 |     1 ||    20
       Triple sword      |       |       |       |       |    26 ||    26
